 Dungeon Crawl Stone Soup version 0.19.0-2-gae57169 (webtiles) character file.

349263 dvd the Executioner (level 21, -14/177 HPs)
             Began as a Demonspawn Abyssal Knight on Nov 2, 2016.
             Was the Champion of Lugonu.
             Killed from afar by a deep elf annihilator (47 damage)
             ... with a crystal spear
             ... on level 3 of the Elven Halls on Nov 4, 2016.
             The game lasted 03:56:11 (50536 turns).

dvd the Executioner (Demonspawn Abyssal Knight)    Turns: 50536, Time: 03:56:11

Health: -14/177    AC: 33    Str: 22    XL:     21   Next: 25%
Magic:  30/31      EV: 17    Int: 25    God:    Lugonu [******]
Gold:   690        SH:  0    Dex: 20    Spells: 5 memorised, 16 levels left

rFire  + + +     SeeInvis +     a - +9 battleaxe (distort)
rCold  + + +     Gourm    .     j - +8 chain mail of the Ladybird {rF+ Int+3}
rNeg   . . .     Faith    .     (shield currently unavailable)
rPois  +         Spirit   .     x - +1 hat "Cist" {rElec MR++ Int+3}
rElec  +         Reflect  .     Y - +2 cloak
rCorr  .         Harm     .     B - +2 pair of gloves
MR     ++++.     NoTele   +     (boots unavailable)
Stlth  ..........               d - amulet of Semusak {rC- Regen+ Int+6 Dex+4}
                                l - ring "Zeol" {-Tele rPois Str+4 SInv}
                                v - ring "Ceru Luo" {-Tele rF+++ rC+++ EV+3 Dex-2}

@: lethally poisoned (-14 -> -15)
A: antennae 2, beak, talons 3, thin metallic scales 3, cold resistance 1,
demonic guardian 3, dopey 1, magic resistance 1, spiny 3, strong 1
a: Depart the Abyss, Bend Space, Banish, Corrupt, Enter the Abyss, Renounce
Religion
}: 2/15 runes: decaying, serpentine


You were on level 3 of the Elven Halls.
You worshipped Lugonu.
Lugonu was exalted by your worship.
You were hungry.

You visited 9 branches of the dungeon, and saw 39 of its levels.
You visited the Abyss 1 time.
You visited 2 bazaars.
You also visited: Labyrinth, Trove and Ice Cave.

You collected 3858 gold pieces.
You spent 3168 gold pieces at shops.

Inventory:

Hand Weapons
 a - a +9 battleaxe of distortion (weapon)
 b - a +2 eveningstar of draining
 s - a +1 eveningstar of flaming
 t - a +5 battleaxe of electrocution
 C - a +2 battleaxe of freezing
Armour
 j - the +8 chain mail of the Ladybird (worn) {rF+ Int+3}
   (You bought it in a shop in a bazaar)

   It affects your intelligence (+3).
   It protects you from fire.
 n - the +1 pair of gloves of Hopscotch {rPois rC- rN+}
   (You bought it in a shop in a bazaar)

   It makes you vulnerable to cold.
   It protects you from poison.
   It protects you from negative energy.
 x - the +1 hat "Cist" (worn) {rElec MR++ Int+3}
   (You acquired it on level 9 of the Dungeon)

   It affects your intelligence (+3).
   It insulates you from electricity.
   It affects your resistance to hostile enchantments.
 B - a +2 pair of gloves (worn)
 Y - a +2 cloak (worn)
Rods
 A - a +9 rod of ignition (13/13)
   (You took it off a minotaur in a labyrinth)
Jewellery
 d - the amulet of Semusak (around neck) {rC- Regen+ Int+6 Dex+4}
   (You found it in a treasure trove)

   [amulet of regeneration]

   It affects your intelligence (+6).
   It affects your dexterity (+4).
   It makes you vulnerable to cold.
   It increases your rate of regeneration.
 e - the ring of Ytei {rCorr rElec rF+++ Str+2}
   (You found it in a treasure trove)

   [ring of resist corrosion]

   It affects your strength (+2).
   It renders you almost immune to fire.
   It insulates you from electricity.
 l - the ring "Zeol" (right hand) {-Tele rPois Str+4 SInv}
   (You found it in a treasure trove)

   [ring of poison resistance]

   It affects your strength (+4).
   It protects you from poison.
   It lets you see invisible.
   It prevents most forms of teleportation.
 v - the ring "Ceru Luo" (left hand) {-Tele rF+++ rC+++ EV+3 Dex-2}
   (You found it in a treasure trove)

   [ring of evasion]

   It affects your evasion (+3).
   It affects your dexterity (-2).
   It renders you almost immune to fire.
   It renders you almost immune to cold.
   It prevents most forms of teleportation.
 X - a +6 ring of evasion
Wands
 q - a wand of lightning (3/15)
 u - a wand of digging (5/24)
 y - a wand of acid (5/15)
 E - a wand of iceblast (4/15)
 G - a wand of acid (12/15)
 I - a wand of iceblast (5/15)
 J - a wand of lightning (11/15)
 S - a wand of teleportation (6/9)
 V - a wand of enslavement (12/24)
 Z - a wand of disintegration (12/24)
Scrolls
 i - 11 scrolls of remove curse
 F - 8 scrolls of identify
 K - 3 scrolls of fear
 P - 4 scrolls of recharging
 R - a scroll of brand weapon
 T - 5 scrolls of blinking
 U - a scroll of fog
 W - 2 scrolls of summoning
Potions
 f - 4 potions of haste
 g - a potion of cure mutation
 m - 15 potions of curing
 o - a potion of agility
 p - 3 potions of might
 z - 2 potions of resistance
 H - 2 potions of cancellation
 L - 3 potions of invisibility
 M - 4 potions of flight
 N - a potion of ambrosia
 O - 4 potions of heal wounds
 Q - a potion of magic
Comestibles
 c - 29 bread rations
 h - 12 beef jerkies
 k - 5 slices of pizza
 r - 21 fruits
 w - 11 royal jellies
 D - 24 meat rations


   Skills:
 + Level 18.0 Fighting
 + Level 21.5(22.0) Axes
 + Level 9.3(16.7) Maces & Flails
 + Level 14.3 Armour
 + Level 7.7 Dodging
 + Level 5.8 Stealth
 + Level 3.6 Spellcasting
 + Level 3.3 Charms
 * Level 1.8 Necromancy
 + Level 0.5 Translocations
 + Level 14.2 Invocations
 + Level 2.6 Evocations


You had 16 spell levels left.
You knew the following spells:

 Your Spells              Type           Power        Failure   Level  Hunger
a - Infusion              Chrm           ###.         14%         1    None
b - Song of Slaying       Chrm           ###.....     21%         2    #......
c - Spectral Weapon       Hex/Chrm       ##......     73%         3    ##.....
d - Regeneration          Chrm/Necr      ###.......   47%         3    ##.....
e - Shroud of Golubria    Chrm/Tloc      ##........   34%         2    #......


Dungeon Overview and Level Annotations

Branches:
Dungeon (15/15)            Temple (1/1) D:5            Lair (6/6) D:11
  Swamp (4/4) Lair:3        Snake (4/4) Lair:3        Slime (0/5) Lair:5
    Orc (2/2) D:11            Elf (3/3) Orc:2        Vaults (3/5) D:13
  Crypt (0/3) Vaults:2     Depths (1/5) D:15

Altars:
Ashenzari
Cheibriados
Dithmenos
Elyvilon
Fedhas
Gozag
Hepliaklqana
Kikubaaqudgha
Makhleb
Nemelex Xobeh
Okawaru
Qazlal
Ru
Sif Muna
Trog
Uskayaw
Vehumet
Xom
Yredelemnul
Zin
The Shining One

Shops:
D:4 [   D:6 ?   D:8 (   D:13 (   Orc:2 (*}%   Vaults:2 =   Vaults:3 **%(

Portals:
Hell: Depths:1

Annotations:
Orc:2 corrupted
Elf:3 Bai Suzhen
Abyss:1 Jory, Nikola, Sonja


Innate Abilities, Weirdness & Mutations

You have claws for feet.
You are completely covered in thin metallic scales. (AC +4, rElec)
A powerful demonic guardian rushes to your aid.
You are completely covered in sharp spines.
You have a pair of antennae on your head.
You have a beak for a mouth.
Your flesh is cold resistant. (rC+)
You are dopey. (Int -2)
You are resistant to hostile enchantments. (MR+)
Your muscles are strong. (Str +2)


Message History

The Ice Fiend gestures at you. The bolt of cold hits you! You resist.
* * * LOW HITPOINT WARNING * * *
You feel sick.
The deep elf annihilator mumbles some strange words.
The deep elf annihilator blinks!
The Ice Fiend gestures at you. The bolt of cold hits you! You resist.
* * * LOW HITPOINT WARNING * * *
You feel sick. Space bends around you!
You blink.
* * * LOW HITPOINT WARNING * * *
The smoke demon misses you. The smoke demon barely misses you.
The smoke demon hits you but does no damage.
The deep elf demonologist is struck by your spines.
The deep elf demonologist closely misses you.
The tarantella closely misses you.
The deep elf annihilator points at you and mumbles some strange words.
The crystal spear hits you!
You die...

#...#..#.).............#..#
#...#..######'##########).#
#. #......................
#.. #....(.................
#...#..§###################
#.........%...)............
#.....).e..e...............
#........).1§..............
#####.####@################
###.r3es4.# #..§...e42....#
.......).#....e
...............
.####.....####. #######


You could see an Ice Fiend, 2 deep elf annihilators, a deep elf elementalist
(wandering), a deep elf demonologist, an ice devil, a deep elf mage, a smoke
demon, a hellion, a chaos spawn, a tarantella and a hell rat.

Vanquished Creatures
  Mara (Snake:4)
  A lich (Vaults:3)
  Rupert (D:13)
  A deep elf blademaster (Elf:2)
  Gastronok (Lair:3)
  4 thorn hunters
  Donald (Orc:2)
  4 nagarajas (Snake:4)
  3 frost giants
  A fire giant (Vaults:3)
  2 vault wardens (Vaults:1)
  2 deep elf sorcerers
  An angel (D:5)
  The ghost of Chiseanne the Fighter, a journeyman MiBe of Trog (Snake:4)
  A deep elf elementalist (Elf:3)
  5 ironheart preservers
  2 stone giants
  A vampire knight (Vaults:2)
  Nessos (Lair:6)
  A deep elf demonologist (Vaults:3)
  2 deep elf annihilators (Elf:3)
  2 deep elf death magi
  An eidolon (Vaults:2)
  Snorg (Lair:3)
  A minotaur (Lab)
  13 ogre magi
  A great orb of eyes (Vaults:1)
  4 yaktaur captains
  Erolcha (D:13)
  2 ice dragons
  11 naga warriors
  A deep elf high priest (Elf:2)
  9 hydras
  3 vault guards (Vaults:2)
  A ghost crab (shapeshifter) (Vaults:2)
  A ghost crab (Swamp:3)
  17 anacondas
  A catoblepas (D:13)
  8 centaur warriors
  2 death knights
  28 dancing weapons
  An alligator (Swamp:1)
  5 death yaks
  4 tengu warriors
  A vampire mage (D:15)
  18 naga sharpshooters
  2 orc high priests
  15 deep elf knights
  A spriggan berserker (Swamp:4)
  6 shock serpents
  6 spriggans
  6 salamander mystics
  3 deep trolls
  An iron troll (Orc:2)
  3 unseen horrors
  A fire crab (shapeshifter) (Elf:1)
  3 shadow wraiths
  4 skeletal warriors
  A glowing orange brain (Vaults:2)
  3 wizards
  6 naga ritualists
  3 shambling mangroves (Swamp:2)
  A spriggan druid (Swamp:3)
  4 swamp dragons
  11 hill giants
  3 lindwurms (Snake:4)
  12 deep elf archers
  6 ironbrand convokers
  10 orc knights
  8 harpies
  2 phantasmal warriors (Vaults:3)
  2 necromancers
  2 orc sorcerers
  50 deep elf magi
  A stone giant zombie (D:15)
  10 mana vipers
  35 ugly things
  A wolf spider (Vaults:2)
  3 manticores
  8 salamanders
  7 cyclopes
  2 elephants (Lair:6)
  2 centaur zombies
  2 ice statues (IceCv)
  A black mamba (shapeshifter) (Vaults:3)
  6 vault sentinels
  7 guardian serpents
  37 black mambas
  A torpor snail (Lair:6)
  A centaur skeleton (D:14)
  20 naga magi
  38 spiny frogs
  3 rime drakes
  An elf skeleton (D:15)
  5 freezing wraiths
  5 kobold demonologists
  28 yaktaurs
  3 komodo dragons
  2 tengu conjurers
  A merfolk (D:10)
  15 trolls
  15 polar bears
  12 tyrant leeches
  23 two-headed ogres
  A wind drake (shapeshifter) (Vaults:1)
  An ettin zombie (D:15)
  16 hornets
  15 hippogriffs
  A deep troll zombie (D:15)
  17 slime creatures
  9 blink frogs
  A meliai zombie (D:14)
  5 bog bodies
  A frost giant simulacrum (Vaults:1)
  2 air elementals
  3 vampires
  Sigmund (D:6)
  2 wraiths
  55 yaks
  A shadow (Swamp:2)
  12 wyverns
  A water elemental (Elf:1)
  17 vampire mosquitoes
  8 basilisks
  A golden eye (shapeshifter) (Vaults:2)
  A fire elemental (Elf:3)
  27 swamp worms
  10 insubstantial wisps
  2 wargs
  A soldier ant (D:13)
  28 nagas
  A hell hound (Lair:6)
  10 water moccasins
  4 black bears (D:10)
  38 orc warriors
  15 porcupines
  2 ice beasts
  19 swamp drakes
  4 sky beasts
  An eye of draining (D:11)
  13 wolves
  9 boggarts
  A phantom (D:9)
  17 centaurs
  68 ogres
  A tengu (shapeshifter) (Vaults:1)
  17 crocodiles
  6 big kobolds
  38 bullfrogs
  Blork the orc (D:5)
  A gnoll sergeant (D:8)
  An earth elemental (Elf:2)
  A wyvern zombie (D:6)
  5 scorpions
  2 water moccasin skeletons
  2 troll skeletons (Lab)
  17 killer bees
  10 wights
  A howler monkey (D:4)
  18 electric eels
  3 bullfrog zombies
  2 crimson imps
  8 hounds
  2 bullfrog skeletons (D:10)
  Crazy Yiuf (D:3)
  22 orc priests
  4 jellies
  31 orc wizards
  5 iguanas
  Terence (D:2)
  9 worker ants
  A hound zombie (D:11)
  Robin (D:3)
  5 gnolls
  A howler monkey skeleton (D:3)
  14 adders
  4 river rats
  4 shadow imps
  9 oozes
  3 adder skeletons
  An adder zombie (D:7)
  A worm (D:2)
  3 dart slugs
  4 leopard geckos
  136 orcs
  2 ball pythons
  13 bats
  13 giant cockroaches
  16 goblins
  9 hobgoblins
  8 jackals
  7 quokkas
  3 frilled lizards
  22 kobolds
  10 rats
  A rat zombie (D:5)
  43 briar patches
  A bush (Lair:6)
  2 fungi
  8 plants
  A withered plant (D:15)
1640 creatures vanquished.

Vanquished Creatures (collateral kills)
  Vashnia (Snake:2)
  A nagaraja (Snake:4)
  A deep elf sorcerer (Elf:3)
  An ironheart preserver (Vaults:1)
  A very ugly thing (Vaults:3)
  A deep elf annihilator (Vaults:1)
  A yaktaur captain (Vaults:3)
  A deep elf death mage (Vaults:3)
  3 ogre magi (Vaults:2)
  A hydra (Lair:6)
  2 naga warriors (Snake:4)
  A tengu warrior (D:14)
  A death yak (Lair:6)
  A deep elf knight (Elf:1)
  2 slime creatures
  A skeletal warrior (D:15)
  An ironbrand convoker (Vaults:2)
  A mana viper (Snake:1)
  A cyclops (Vaults:1)
  3 ugly things
  2 deep elf magi
  A moth of wrath (shapeshifter) (Vaults:2)
  2 black mambas
  An elephant (Lair:6)
  A guardian serpent (Snake:4)
  2 kobold demonologists
  A komodo dragon (Lair:6)
  A rime drake (Lair:1)
  A troll (D:9)
  2 two-headed ogres
  2 blink frogs
  A hippogriff (D:10)
  A spriggan (Swamp:4)
  A wyvern (Lair:3)
  A yak (IceCv)
  A basilisk (Lair:6)
  Menkaure (D:7)
  2 nagas
  A swamp worm (Swamp:3)
  A swamp drake (Swamp:4)
  3 orc warriors
  A black bear (D:10)
  6 ogres
  A wolf (Orc:1)
  A centaur (D:12)
  A big kobold (D:14)
  A crocodile (Lair:1)
  A killer bee (D:9)
  A wight (D:8)
  2 orc priests
  A jelly (D:12)
  A gnoll (D:8)
  A shadow imp (D:13)
  A leopard gecko (D:7)
  5 orcs
  3 kobolds
  2 briar patches
84 creatures vanquished.

Vanquished Creatures (others)
  A nagaraja (Snake:1)
  A thorn hunter (Swamp:3)
  A storm dragon (Vaults:1)
  The ghost of C0ssack the Severer, a journeyman MiBe of Trog (Swamp:3)
  A fire giant (Vaults:3)
  A vault warden (Vaults:2)
  3 stone giants
  An ironheart preserver (Vaults:3)
  An ogre mage (Vaults:1)
  3 naga warriors
  9 hydras
  A vault guard (Vaults:1)
  2 ice dragons (Vaults:1)
  An anaconda (Snake:1)
  An alligator (Swamp:4)
  An orc high priest (Orc:1)
  4 naga sharpshooters
  A shock serpent (Snake:3)
  6 deep elf knights
  A salamander mystic (Snake:4)
  An unseen horror (D:15)
  A swamp dragon (Swamp:4)
  A deep troll (Vaults:2)
  A harpy (D:14)
  A lindwurm (Snake:4)
  3 hill giants
  An ironbrand convoker (Vaults:3)
  A deep elf archer (Elf:1)
  A necromancer (D:15)
  4 orc knights
  A mana viper (Snake:3)
  2 cyclopes (Orc:2)
  5 ugly things
  4 deep elf magi
  5 oklob plants
  A salamander (Snake:1)
  A guardian serpent (Snake:4)
  A centaur zombie (D:15)
  3 black mambas
  3 vault sentinels
  A naga mage (Snake:1)
  A spiny frog (Swamp:4)
  A yaktaur (Depths:1)
  2 trolls
  A hornet (Swamp:4)
  A polar bear (Orc:1)
  2 two-headed ogres (Vaults:3)
  A tyrant leech (Lair:6)
  2 bog bodies (Swamp:4)
  5 slime creatures
  A shadow (D:11)
  A spriggan (Swamp:4)
  A wraith (D:10)
  3 yaks
  An insubstantial wisp (Swamp:3)
  A swamp worm (Swamp:4)
  A swamp drake (Swamp:3)
  7 orc warriors
  An ice beast (D:14)
  3 ogres
  An earth elemental (Elf:3)
  A killer bee (D:12)
  An electric eel (D:10)
  3 orc priests
  3 orc wizards (Orc:2)
  8 orcs (Orc:2)
  6 briar patches
  8 bushes
  14 fungi
  68 plants
  A toadstool (Swamp:3)
233 creatures vanquished.

Grand Total: 1957 creatures vanquished

Notes
Turn   | Place    | Note
-------+----------+-------------------------------------------
     0 | Abyss:1  | dvd the Demonspawn Abyssal Knight began the quest for the Orb.
     0 | Abyss:1  | Reached XP level 1. HP: 18/18 MP: 2/2
    39 | Abyss:1  | Noticed a starcursed mass
    40 | D:1      | Escaped the Abyss
   120 | D:1      | Reached * piety under Lugonu
   206 | D:1      | Gained mutation: You are partially covered in sharp spines. [demonic ancestry]
   206 | D:1      | Reached XP level 2. HP: 18/24 MP: 3/3
   364 | D:1      | Reached skill level 1 in Dodging
   563 | D:1      | Reached skill level 2 in Axes
   902 | D:1      | Reached XP level 3. HP: 28/29 MP: 4/4
  1199 | D:2      | Reached ** piety under Lugonu
  1252 | D:2      | Reached XP level 4. HP: 37/37 MP: 5/5
  1281 | D:2      | Noticed Terence
  1289 | D:2      | Killed Terence
  1289 | D:2      | Reached skill level 3 in Axes
  1300 | D:2      | Found a deep blue altar of Sif Muna.
  1638 | D:3      | Gained mutation: You are partially covered in thin metallic scales. (AC +2) [demonic ancestry]
  1638 | D:3      | Reached XP level 5. HP: 42/42 MP: 4/6
  1677 | D:3      | Found a burning altar of Makhleb.
  1738 | D:3      | Noticed Robin
  1752 | D:3      | Reached *** piety under Lugonu
  1758 | D:3      | Killed Robin
  1758 | D:3      | Reached skill level 4 in Axes
  1887 | D:3      | Found a runed door.
  1891 | D:3      | Noticed Crazy Yiuf
  1901 | D:3      | Killed Crazy Yiuf
  2077 | D:3      | Found a basalt altar of Yredelemnul.
  2090 | D:3      | Found a shadowy altar of Dithmenos.
  2279 | D:4      | Reached XP level 6. HP: 48/48 MP: 7/7
  2363 | D:4      | Found Far Taeb's Antique Armour Boutique.
  2758 | D:4      | Reached skill level 1 in Maces & Flails
  2842 | D:4      | Gained mutation: A weak demonic guardian rushes to your aid. [demonic ancestry]
  2842 | D:4      | Reached XP level 7. HP: 30/54 MP: 5/8
  2889 | D:4      | Reached skill level 1 in Stealth
  2925 | D:4      | Got a crude dagger
  2926 | D:4      | Identified the +3 dagger of Tenacity {speed, rN++ Str+2 Int-2 Stlth+} (You found it on level 4 of the Dungeon)
  3274 | D:5      | Entered Level 5 of the Dungeon
  3403 | D:5      | Found a staircase to the Ecumenical Temple.
  3408 | D:5      | Noticed Blork the orc
  3416 | D:5      | Killed Blork the orc
  3416 | D:5      | Reached XP level 8. HP: 44/61 MP: 6/9
  3709 | D:5      | Found a white marble altar of Elyvilon.
  3710 | D:5      | Noticed an angel
  3710 | D:5      | Found a runed door.
  3803 | D:5      | Reached **** piety under Lugonu
  3852 | D:5      | Found a glowing silver altar of Zin.
  3883 | D:5      | You fall through a shaft for 2 floors!
  3891 | D:7      | Got a transparent chain mail
  3902 | D:7      | Identified the cursed +1 chain mail "Jasyeces" {Stlth+} (You found it on level 7 of the Dungeon)
  3954 | D:6      | Reached skill level 5 in Maces & Flails
  4005 | D:6      | Found Nunyxaoc's Magic Scroll Emporium.
  4362 | Temple   | Entered the Ecumenical Temple
  5005 | D:6      | Reached skill level 5 in Fighting
  5275 | D:6      | Noticed Sigmund
  5294 | D:6      | Killed Sigmund
  5294 | D:6      | Reached XP level 9. HP: 67/68 MP: 10/10
  5395 | D:6      | Reached skill level 5 in Armour
  5500 | D:7      | Noticed Menkaure
  5510 | D:7      | Killed Menkaure
  6552 | D:8      | Reached ***** piety under Lugonu
  6557 | D:8      | Reached skill level 5 in Axes
  6608 | D:8      | Found Gumaem's Weapon Shoppe.
  6664 | D:8      | Found a shimmering altar of Xom.
  6665 | D:8      | Found a hazy altar of Hepliaklqana.
  6665 | D:8      | Noticed a hell beast
  6666 | D:8      | Noticed a hell beast
  6666 | D:8      | Noticed a spectral ugly thing
  6734 | D:8      | Reached skill level 6 in Axes
  6875 | D:8      | Gained mutation: You have sharp fingernails. [potion of mutation]
  6875 | D:8      | Gained mutation: You are frail. (-10% HP) [potion of mutation]
  6875 | D:8      | Gained mutation: You are resistant to hostile enchantments. (MR+) [potion of mutation]
  6907 | D:8      | Reached skill level 7 in Axes
  6907 | D:8      | Gained mutation: You are mostly covered in thin metallic scales. (AC +3) [demonic ancestry]
  6907 | D:8      | Reached XP level 10. HP: 69/69 MP: 12/16
  6978 | D:8      | Gained mutation: You have sharp toenails. [potion of beneficial mutation]
  7206 | D:9      | Gained mutation: You have razor-sharp toenails. [demonic ancestry]
  7206 | D:9      | Reached XP level 11. HP: 74/74 MP: 17/17
  7712 | D:9      | Identified a scroll of acquirement
  7713 | D:9      | Got a crude hat
  7724 | D:9      | Identified the +1 hat "Cist" {rElec MR++ Int+3} (You acquired it on level 9 of the Dungeon)
  7936 | D:10     | Entered Level 10 of the Dungeon
  8223 | D:10     | Reached skill level 8 in Axes
  8322 | D:10     | Reached skill level 5 in Dodging
  8614 | D:10     | Got a steaming plate armour
  8626 | D:10     | Identified the +0 plate armour of Free Expression {rC+ Int+2} (You found it on level 10 of the Dungeon)
  8883 | D:10     | Reached skill level 9 in Axes
  9245 | D:10     | Found a radiant altar of Vehumet.
 10065 | D:11     | Found a labyrinth entrance.
 10083 | Lab      | Entered a labyrinth
 10167 | Lab      | Killed an unseen horror
 11457 | Lab      | Found an exit through the horrors of the Abyss.
 11621 | Lab      | Noticed a minotaur
 11629 | Lab      | Killed a minotaur
 11629 | Lab      | Gained mutation: You are completely covered in thin metallic scales. (AC +4, rElec) [demonic ancestry]
 11629 | Lab      | Reached XP level 12. HP: 63/82 MP: 13/19
 11636 | Lab      | Identified the Almanac of Wyrd
 11637 | Lab      | Got a twitching jade ring
 11670 | Lab      | Identified the ring "Kuapla" {rElec rN+} (You found it in a labyrinth)
 11673 | Lab      | Identified a +6 rod of clouds (14/14) (You found it in a labyrinth)
 11935 | D:11     | Identified a +8 rod of ignition (10/10) (You took it off a minotaur in a labyrinth)
 11948 | D:11     | Reached skill level 10 in Axes
 12180 | D:11     | Reached skill level 1 in Evocations
 12197 | D:11     | Found a staircase to the Orcish Mines.
 12463 | D:11     | Reached skill level 10 in Invocations
 12728 | D:11     | Found a staircase to the Lair.
 12834 | D:11     | Noticed a five-headed hydra
 12846 | D:11     | Banished a five-headed hydra
 12846 | D:11     | Reached skill level 11 in Axes
 13169 | Lair:1   | Entered Level 1 of the Lair of Beasts
 13727 | Lair:1   | Noticed Sonja
 13731 | Lair:1   | Banished Sonja
 13758 | Lair:1   | Noticed a seven-headed hydra
 13766 | Lair:1   | Banished a seven-headed hydra
 15236 | Lair:3   | Found a staircase to the Snake Pit.
 15261 | Lair:3   | Noticed a death yak
 15262 | Lair:3   | Noticed a death yak
 15262 | Lair:3   | Noticed a death yak
 15265 | Lair:3   | Reached XP level 13. HP: 81/90 MP: 17/20
 15754 | Lair:3   | Found a staircase to the Swamp.
 15769 | Lair:3   | Reached skill level 12 in Axes
 16337 | Lair:3   | Noticed Gastronok
 16347 | Lair:3   | Killed Gastronok
 16460 | Lair:3   | Noticed Snorg
 16471 | Lair:3   | Killed Snorg
 16770 | Lair:3   | Gained mutation: You have a pair of small antennae on your head. [potion of mutation]
 16770 | Lair:3   | Gained mutation: You have a beak for a mouth. [potion of mutation]
 16770 | Lair:3   | Gained mutation: Your muscles are strong. (Str +2) [potion of mutation]
 18542 | Lair:5   | Found a staircase to the Slime Pits.
 18544 | Lair:5   | Reached skill level 10 in Fighting
 18727 | Lair:6   | Entered Level 6 of the Lair of Beasts
 18792 | Lair:6   | Reached skill level 13 in Axes
 19216 | Lair:6   | Noticed Nessos
 19230 | Lair:6   | Gained mutation: A demonic guardian rushes to your aid. [demonic ancestry]
 19230 | Lair:6   | Reached XP level 14. HP: 41/99 MP: 7/22
 19231 | Lair:6   | Killed Nessos
 19947 | Lair:6   | Reached skill level 10 in Armour
 19978 | Lair:6   | Reached skill level 14 in Axes
 21329 | Orc:1    | Entered Level 1 of the Orcish Mines
 21494 | Orc:2    | Entered Level 2 of the Orcish Mines
 21555 | Orc:2    | Corrupted Orc:2
 21555 | Orc:2    | Noticed a starcursed mass
 21561 | Orc:2    | Noticed a starcursed mass
 21588 | Orc:2    | Found a staircase to the Elven Halls.
 21661 | Orc:1    | Found a frozen archway.
 21756 | IceCv    | Entered an ice cave
 22482 | IceCv    | Noticed a frost giant
 22504 | IceCv    | Killed a frost giant
 22705 | IceCv    | Got a twisted great mace
 22708 | IceCv    | Got an ancient great mace
 22709 | IceCv    | Identified the cursed +2 great mace of Bodily Harmony {freeze, rElec Str+2 Int-3} (You found it in an ice cave)
 23320 | Orc:2    | Noticed a stone giant
 23321 | Orc:2    | Banished a stone giant
 23459 | Orc:2    | Noticed Donald
 24042 | Orc:2    | Reached XP level 15. HP: 62/107 MP: 11/24
 24044 | Orc:2    | Reached skill level 15 in Axes
 24567 | Orc:2    | Killed Donald
 24724 | Orc:2    | Found Femecau's Food Shoppe.
 24730 | Orc:2    | Found Veud's Gadget Emporium.
 25088 | Orc:2    | Reached ****** piety under Lugonu
 25096 | Orc:2    | Identified a +7 battleaxe of distortion (a +5 battleaxe of flaming corrupted by Lugonu)
 25096 | Orc:2    | Received a gift from Lugonu
 25197 | Orc:2    | Found Suimok's General Store.
 25213 | Orc:2    | Found Tonesch's Weapon Shoppe.
 25375 | Orc:2    | Bought the amulet "Ytieron" {Regen+ Int+4} for 635 gold pieces
 26643 | D:13     | Noticed Erolcha
 26739 | D:13     | Killed Erolcha
 26782 | D:13     | Noticed Rupert
 26801 | D:13     | Killed Rupert
 26801 | D:13     | Reached skill level 16 in Axes
 26826 | D:13     | Gained mutation: You are highly resistant to hostile enchantments. (MR++) [mutagenic meat]
 26828 | D:13     | Lost mutation: You are highly resistant to hostile enchantments. (MR++) [mutagenic meat]
 26829 | D:13     | Gained mutation: You possess an exceptional clarity of mind. [mutagenic meat]
 26830 | D:13     | Gained mutation: You regenerate slowly when monsters are visible. [mutagenic meat]
 26831 | D:13     | Lost mutation: You have sharp fingernails. [mutagenic meat]
 26999 | D:13     | Found Eroib's Weapon Shop.
 27107 | D:13     | Found a gate to the Vaults.
 27214 | D:14     | Found an opulent altar of Gozag.
 27348 | D:14     | Got a heavily runed leather armour
 27359 | D:14     | Identified the +2 leather armour of Fun and Games {Dex+3} (You found it on level 14 of the Dungeon)
 27776 | D:14     | Found an iron altar of Okawaru.
 27858 | D:15     | Entered Level 15 of the Dungeon
 28021 | D:14     | Gained mutation: You are dopey. (Int -2) [mutagenic meat]
 28022 | D:14     | Lost mutation: You regenerate slowly when monsters are visible. [mutagenic meat]
 28144 | D:14     | Reached XP level 16. HP: 65/116 MP: 25/25
 28151 | D:14     | Gained mutation: You have a pair of antennae on your head. [mutagenic meat]
 28152 | D:14     | Lost mutation: You have razor-sharp toenails. [mutagenic meat]
 28153 | D:14     | Gained mutation: Your flesh is cold resistant. (rC+) [mutagenic meat]
 28155 | D:14     | Lost mutation: You are frail. (-10% HP) [mutagenic meat]
 28376 | D:15     | Found a staircase to the Depths.
 29116 | D:15     | Found a portal to a secret trove of treasure.
 29280 | Orc:2    | Bought a scroll of identify for 28 gold pieces
 29433 | D:6      | Bought a scroll of identify for 30 gold pieces
 29433 | D:6      | Bought a scroll of identify for 30 gold pieces
 29433 | D:6      | Bought a scroll of blinking for 112 gold pieces
 29433 | D:6      | Bought a scroll of identify for 30 gold pieces
 29890 | Swamp:1  | Entered Level 1 of the Swamp
 30006 | Swamp:1  | Noticed a thorn hunter
 30773 | Swamp:2  | Reached skill level 17 in Axes
 31212 | Swamp:2  | Identified the Reference Book on Curses and Orientation
 31779 | Swamp:3  | Noticed Nikola
 31794 | Swamp:3  | Banished Nikola
 31795 | Swamp:3  | Noticed C0ssack's ghost (journeyman MiBe)
 31800 | Swamp:3  | Noticed a thorn hunter
 31804 | Swamp:3  | Banished C0ssack's ghost
 31828 | Swamp:3  | Banished a thorn hunter
 32127 | Swamp:3  | Noticed a thorn hunter
 32146 | Swamp:3  | Killed a thorn hunter
 32763 | Swamp:4  | Entered Level 4 of the Swamp
 32793 | Swamp:4  | Noticed a thorn hunter
 33003 | Swamp:4  | Killed a thorn hunter
 33050 | Swamp:4  | Noticed a thorn hunter
 33074 | Swamp:4  | Noticed a thorn hunter
 33095 | Swamp:3  | Killed a thorn hunter
 33245 | Swamp:4  | Killed a thorn hunter
 33245 | Swamp:4  | Gained mutation: You have razor-sharp toenails. [demonic ancestry]
 33245 | Swamp:4  | Reached XP level 17. HP: 121/137 MP: 26/26
 33926 | Depths:1 | Entered Level 1 of the Depths
 34049 | Depths:1 | Found a gateway to Hell.
 34430 | Depths:1 | Noticed a lich
 34436 | Depths:1 | Banished a lich
 34550 | D:15     | You paid a toll of 21 scrolls of identify to enter a treasure trove
 34551 | Trove    | Entered a treasure trove
 34561 | Trove    | Got a heavily runed jade ring
 34563 | Trove    | Identified the ring "Zeol" {-Tele rPois Str+4 SInv} (You found it in a treasure trove)
 34568 | Trove    | Got a flickering lead amulet
 34574 | Trove    | Identified the amulet of Life {RegenMP rN+} (You found it in a treasure trove)
 34591 | Trove    | Got a sparkling marble ring
 34592 | Trove    | Identified the ring of Monotheism {rCorr rPois} (You found it in a treasure trove)
 34595 | Trove    | Got a pitted amber ring
 34597 | Trove    | Identified the ring "Ceru Luo" {-Tele rF+++ rC+++ EV+3 Dex-2} (You found it in a treasure trove)
 34601 | Trove    | Got a transparent bone amulet
 34603 | Trove    | Identified the amulet of Semusak {rC- Regen+ Int+6 Dex+4} (You found it in a treasure trove)
 34605 | Trove    | Got a coiled steel ring
 34607 | Trove    | Identified the ring of Ytei {rCorr rElec rF+++ Str+2} (You found it in a treasure trove)
 34630 | Trove    | Got a scintillating silver ring
 34632 | Trove    | Identified the ring "Feugituj" {+Fly Int+2 Stlth+} (You found it in a treasure trove)
 34650 | Trove    | Got a flickering silver ring
 34777 | D:11     | Reached skill level 18 in Axes
 35339 | Swamp:4  | Got a decaying rune of Zot
 35517 | Snake:1  | Entered Level 1 of the Snake Pit
 35736 | Snake:1  | Identified the ring "Egidgh Bafi" {rPois rN+} (You found it in a treasure trove)
 36662 | Snake:2  | HP: 6/138 [naga sharpshooter/arrow (20)]
 36985 | Snake:2  | Noticed Vashnia
 37049 | Snake:2  | Killed Vashnia
 37656 | Snake:3  | Gained mutation: You are mostly covered in sharp spines. [demonic ancestry]
 37656 | Snake:3  | Reached XP level 18. HP: 97/146 MP: 28/28
 38192 | Snake:3  | Found an iron altar of Okawaru.
 38274 | Snake:4  | Entered Level 4 of the Snake Pit
 38280 | Snake:4  | Noticed Mara
 38312 | Snake:4  | Killed Mara
 38312 | Snake:4  | Reached skill level 19 in Axes
 38321 | Snake:4  | Reached skill level 5 in Stealth
 38329 | Snake:4  | Noticed Chiseanne's ghost (journeyman MiBe)
 38340 | Snake:4  | Found a flickering gateway to a bazaar.
 38365 | Bazaar   | Entered a bazaar
 38365 | Bazaar   | Found Misk's Food Emporium.
 38365 | Bazaar   | Found Badahoa's Weapon Emporium.
 38366 | Bazaar   | Found Pevogg's Food Shoppe.
 38366 | Bazaar   | Found Dutoimum's Distillery.
 38386 | Bazaar   | Bought a potion of curing for 36 gold pieces
 38386 | Bazaar   | Bought a potion of heal wounds for 60 gold pieces
 38386 | Bazaar   | Bought a potion of curing for 36 gold pieces
 38386 | Bazaar   | Bought a potion of curing for 36 gold pieces
 38386 | Bazaar   | Bought a potion of curing for 36 gold pieces
 38396 | Bazaar   | Bought a bread ration for 65 gold pieces
 38396 | Bazaar   | Bought a meat ration for 65 gold pieces
 38396 | Bazaar   | Bought a bread ration for 65 gold pieces
 38396 | Bazaar   | Bought a meat ration for 65 gold pieces
 38396 | Bazaar   | Bought a bread ration for 65 gold pieces
 38396 | Bazaar   | Bought a bread ration for 65 gold pieces
 38396 | Bazaar   | Bought a bread ration for 65 gold pieces
 38396 | Bazaar   | Bought a meat ration for 65 gold pieces
 38402 | Bazaar   | Bought a beef jerky for 12 gold pieces
 38402 | Bazaar   | Bought a meat ration for 40 gold pieces
 38402 | Bazaar   | Bought a beef jerky for 12 gold pieces
 38402 | Bazaar   | Bought a beef jerky for 12 gold pieces
 38402 | Bazaar   | Bought a meat ration for 40 gold pieces
 38402 | Bazaar   | Bought a bread ration for 40 gold pieces
 38402 | Bazaar   | Bought a meat ration for 40 gold pieces
 38402 | Bazaar   | Bought a meat ration for 40 gold pieces
 38402 | Bazaar   | Bought a bread ration for 40 gold pieces
 38412 | Bazaar   | Bought a beef jerky for 19 gold pieces
 38420 | Bazaar   | Bought a slice of pizza for 19 gold pieces
 38420 | Bazaar   | Bought a slice of pizza for 19 gold pieces
 38420 | Bazaar   | Bought a slice of pizza for 19 gold pieces
 38426 | Bazaar   | Bought a slice of pizza for 12 gold pieces
 40229 | Snake:4  | Killed Chiseanne's ghost
 40464 | Snake:4  | Reached skill level 15 in Fighting
 40616 | Snake:4  | Gained mutation: You have claws for feet. [demonic ancestry]
 40616 | Snake:4  | Reached XP level 19. HP: 98/155 MP: 23/29
 40741 | Snake:4  | Got a serpentine rune of Zot
 41328 | D:5      | Upgraded the game from 0.19.0-1-g5985abe to 0.19.0-2-gae57169
 41502 | Vaults:1 | Entered Level 1 of the Vaults
 41627 | Vaults:1 | Found a flickering gateway to a bazaar.
 41641 | Bazaar   | Entered a bazaar
 41641 | Bazaar   | Found Vaogelao's Food Boutique.
 41641 | Bazaar   | Found Quefacusm's Distillery.
 41641 | Bazaar   | Found Dayx's Armour Shop.
 41641 | Bazaar   | Found Vunwu's Food Shop.
 41641 | Bazaar   | Found Kafo's Armour Boutique.
 41660 | Bazaar   | Bought a potion of cure mutation for 325 gold pieces
 41664 | Bazaar   | Bought the +8 chain mail of the Ladybird {rF+ Int+3} for 453 gold pieces
 41664 | Bazaar   | Bought the +1 pair of gloves of Hopscotch {rPois rC- rN+} for 125 gold pieces
 41670 | Bazaar   | Bought a potion of agility for 52 gold pieces
 41670 | Bazaar   | Bought a potion of curing for 39 gold pieces
 41670 | Bazaar   | Bought a potion of might for 52 gold pieces
 41670 | Bazaar   | Bought a potion of curing for 39 gold pieces
 41670 | Bazaar   | Bought a potion of heal wounds for 65 gold pieces
 41709 | Vaults:1 | Reached skill level 20 in Axes
 42409 | Vaults:1 | Lost mutation: You possess an exceptional clarity of mind. [a neqoxec]
 42691 | Vaults:1 | Learned a level 1 spell: Infusion
 44241 | Vaults:2 | Found Ziluexte's Jewellery Emporium.
 44643 | Vaults:2 | Found a staircase to the Crypt.
 44646 | Vaults:2 | Reached skill level 1 in Spellcasting
 44993 | Vaults:2 | Noticed Jory
 45070 | Vaults:2 | Banished Jory
 45077 | Vaults:2 | Gained mutation: You are completely covered in sharp spines. [demonic ancestry]
 45077 | Vaults:2 | Reached XP level 20. HP: 158/166 MP: 30/30
 45412 | Vaults:2 | Reached skill level 1 in Charms
 45484 | Vaults:2 | Learned a level 2 spell: Song of Slaying
 45488 | Vaults:2 | Learned a level 3 spell: Spectral Weapon
 45747 | Vaults:3 | Found Jarch's Food Shoppe.
 45989 | Vaults:3 | Found Hegaac's General Store.
 46179 | Vaults:3 | Learned a level 3 spell: Regeneration
 46203 | Vaults:3 | Bought a potion of heal wounds for 65 gold pieces
 46305 | Vaults:3 | Reached skill level 21 in Axes
 46309 | Vaults:3 | Found Ezenus's General Store.
 47017 | Vaults:3 | Found Beylug's Weapon Shoppe.
 47259 | Elf:1    | Entered Level 1 of the Elven Halls
 47983 | Elf:1    | Got a polished leather armour
 47994 | Elf:1    | Identified the +2 leather armour of Ru's Wrath {+Inv rPois Stlth-} (You found it on level 1 of the Elven Halls)
 48104 | Elf:1    | Learned a level 2 spell: Shroud of Golubria
 48967 | Elf:2    | Found a runed gate.
 48974 | Elf:2    | Found a runed gate.
 48975 | Elf:2    | Found a runed gate.
 49297 | Elf:2    | Gained mutation: A powerful demonic guardian rushes to your aid. [demonic ancestry]
 49297 | Elf:2    | Reached XP level 21. HP: 157/176 MP: 31/31
 49783 | Elf:3    | Entered Level 3 of the Elven Halls
 50037 | Elf:3    | Reached skill level 1 in Necromancy
 50219 | Elf:3    | Noticed Bai Suzhen
 50536 | Elf:3    | Killed from afar by a deep elf annihilator

Skill      XL: |  1  2  3  4  5  6  7  8  9 10 11 12 13 14 15 16 17 18 19 20 21 |
---------------+----------------------------------------------------------------+-----
Armour         | 2 3 4 6 8 9 10 11 12 13 14 | 14.3
Dodging        | 1 2 3 4 5 6 7 |  7.7
Axes           | 2 3 4 7 9 11 13 14 16 17 18 19 20 21 | 21.5
Fighting       | 4 5 6 7 9 10 11 12 13 14 15 16 17 18 | 18.0
Maces & Flails | 1 3 6 7 8 9 |  9.3
Stealth        | 1 2 3 4 5 |  5.8
Invocations    | 8 9 10 11 12 13 14 | 14.2
Evocations     | 1 2 |  2.6
Spellcasting   | 1 2 3 |  3.6
Charms         | 2 3 |  3.3
Necromancy     | 1 |  1.8
Translocations | |  0.5

Action                   |  1- 3 |  4- 6 |  7- 9 | 10-12 | 13-15 | 16-18 | 19-21 || total
-------------------------+-------+-------+-------+-------+-------+-------+-------++-------
Melee: Hand axe          |    93 |    91 |       |       |       |       |       ||   184
       Mace              |       |    36 |   204 |     6 |       |       |       ||   246
       Battleaxe         |       |       |    76 |   497 |   971 |  1127 |   990 ||  3661
       Kick              |       |       |       |   140 |   160 |       |   422 ||   722
       Peck              |       |       |       |       |   215 |   299 |   251 ||   765
       Eveningstar       |       |       |       |       |    31 |   103 |       ||   134
 Cast: Infusion          |       |       |       |       |       |       |    11 ||    11
       Song of Slaying   |       |       |       |       |       |       |    10 ||    10
       Shroud of Golubri |       |       |       |       |       |       |     2 ||     2
Invok: Depart the Abyss  |     1 |       |       |       |       |       |       ||     1
       Bend Space        |       |     1 |       |     4 |     6 |     9 |     2 ||    22
       Banish            |       |       |       |    11 |    25 |    12 |     2 ||    50
       Corrupt           |       |       |       |       |     1 |       |       ||     1
       Brand Weapon With |       |       |       |       |     1 |       |       ||     1
Evoke: Wand              |       |       |     2 |     8 |     1 |     2 |     5 ||    18
       Rod               |       |       |       |     5 |    12 |     6 |       ||    23
  Use: Scroll            |       |     2 |    11 |    10 |    17 |    19 |     4 ||    63
       Potion            |       |       |     9 |     6 |    10 |    18 |     1 ||    44
 Stab: Distracted        |       |       |     4 |     5 |     3 |     4 |     8 ||    24
       Confused          |       |       |       |     3 |       |       |       ||     3
       Sleeping          |       |       |       |       |       |     3 |       ||     3
  Eat: Chunk             |     1 |     5 |    14 |    26 |    63 |    43 |    34 ||   186
       Royal jelly       |       |       |       |     2 |     1 |       |       ||     3
       Pizza             |       |       |       |     1 |     3 |     2 |       ||     6
       Beef jerky        |       |       |       |       |       |     6 |       ||     6
       Fruit             |       |       |       |       |       |     1 |       ||     1
Armor: Leather armour    |    32 |       |       |       |       |       |       ||    32
       Ring mail         |    21 |    42 |    23 |       |       |       |       ||    86
       Chain mail        |       |       |    96 |   117 |   243 |   796 |   462 ||  1714
       Skin              |       |       |       |     3 |       |       |       ||     3
       Plate armour      |       |       |       |   233 |   488 |       |       ||   721
Dodge: Dodged            |    59 |    73 |   124 |   293 |   661 |   756 |   535 ||  2501
